 Dungeon Crawl Stone Soup version 0.31-a0-277-g31ea1f65cc (webtiles) character file.

Game seed: 13107184652841583266

196 porpoise the Shooter (level 5, -1/33 HPs)
             Began as a Tengu Hunter on July 16, 2023.
             Killed from afar by Natasha (8 damage)
             ... with a magic dart
             ... on level 3 of the Dungeon.
             The game lasted 00:03:51 (1854 turns).

porpoise the Shooter (Tengu Hunter)                 Turns: 1854, Time: 00:03:52

Health: -1/33      AC:  7    Str: 11    XL:     5   Next: 74%
Magic:  6/6        EV: 14    Int: 10    God:
Gold:   111        SH:  0    Dex: 19    Spells: 4/4 levels left

rFire   . . .        a - +0 shortbow
rCold   . . .        (shield currently unavailable)
rNeg    . . .        c - +0 leather armour
rPois   .            (helmet restricted)
rElec   .            f - +0 cloak
rCorr   .            d - +2 pair of gloves
SInv    .            (boots unavailable)
Will    .....        g - amulet of the acrobat
Stlth   ++           (no ring)
HPRegen 0.25/turn    (no ring)
MPRegen 0.10/turn

%: acrobat
@: flying quickly and evasively, slowed, very slow
A: beak, talons 3, nimble flight
a: no special abilities


You were on level 3 of the Dungeon.
You visited 1 branch of the dungeon, and saw 3 of its levels.

You collected 111 gold pieces.

Inventory:

Hand Weapons
 a - a +0 shortbow (weapon)
Armour
 c - a +0 leather armour (worn)
 d - a +2 pair of gloves (worn)
 f - a +0 cloak (worn)
Jewellery
 g - an amulet of the acrobat (around neck)
Talismans
 l - a beast talisman
Scrolls
 b - a scroll of butterflies
 h - a scroll of amnesia {unknown}
 i - a scroll of identify {unknown}
 j - a scroll of vulnerability {unknown}
 m - a scroll of poison {unknown}
 n - a scroll of enchant armour {unknown}
 o - a scroll of immolation {unknown}
 p - a scroll of teleportation {unknown}
Potions
 e - a potion of heal wounds {unknown}
 k - a potion of ambrosia {unknown}


   Skills:
 + Level 3.6 Fighting
 * Level 6.6 Ranged Weapons
 - Level 2.1 Dodging
 - Level 1.0 Stealth


You had 4 spell levels left.
You didn't know any spells.
Your spell library contained the following spells:

 Spells                   Type           Power      Damage    Failure   Level
 Cigotuvi's Dreadful Rot  Necr/Pois/Air  0%         N/A       58%         2
 Ignite Poison            Fire/Tmut/Pois 0%         N/A       83%         3
 Freezing Cloud           Conj/Ice/Air   0%         6-21      100%        5


Dungeon Overview and Level Annotations

Branches:
Dungeon (3/15)

Altars:

Annotations:
D:3 Natasha


Innate Abilities, Weirdness & Mutations

You have a beak for a mouth.
You have claws for feet.
Your magical nature lets you fly swiftly and evasively.


Message History

You shoot an arrow. The arrow hits Natasha!
You kill Natasha!
Natasha growls in agony!
Natasha, Servant of Life and Death comes into view.
You shoot an arrow. The arrow hits Natasha.
Natasha is lightly wounded.
You shoot an arrow. The arrow completely misses Natasha.
Natasha hisses.
No target in view!
You shoot an arrow. The arrow hits Natasha.
Natasha is moderately wounded.
Natasha casts a spell at you. The magic dart hits you.
You shoot an arrow. The arrow hits Natasha.
Natasha is heavily wounded.
Natasha claws you. Natasha closely misses you.
You are too injured to fight recklessly!
You are too injured to fight recklessly!
You are too injured to fight recklessly!
You are too injured to fight recklessly!
You shoot an arrow. The arrow hits Natasha.
Natasha is severely wounded.
Natasha closely misses you.
You shoot an arrow. The arrow barely misses Natasha.
Natasha claws you. x2
You shoot an arrow.
The arrow hits Natasha but does no damage.
Natasha is severely wounded.
You feel yourself speed up. Natasha casts a spell at you.
You feel yourself slow down. Natasha claws you!
* * * LOW HITPOINT WARNING * * *
You shoot an arrow. The arrow barely misses Natasha.
Natasha stares at you and mumbles some strange words.
You resist with some effort.
You shoot an arrow. The arrow closely misses Natasha.
Natasha casts a spell at you.
You feel as though you will be slow longer.
Natasha casts a spell at you. The magic dart hits you!
You die...

......................
......................
...... ..........#..### .
...... ............... .?
.....# #..#....#..# ...
###..#####..........#....
#.##................#
#.#####.##.#.h#.....#. #
#.#####.##.#.@........ #
#.##.....#.#..#....##. #
#.##.....#.#....).....
####.##.....#.#..##......
'...†.......+..... ......
####.#......#.#... .#.##.
# #...######.#.... #..
....... . ...## .#
#######.#


You could see Natasha.

Vanquished Creatures
  A scorpion (D:2)
  Natasha (twice) (D:3)
  2 adders (D:3)
  2 dart slugs
  6 ball pythons
  6 bats
  6 endoplasms
  3 giant cockroaches (D:1)
  5 goblins
  7 hobgoblins
  4 jackals (D:1)
  5 kobolds
  4 quokkas
  A frilled lizard (D:1)
  5 rats
59 creatures vanquished.

Notes
Turn   | Place    | Note
-------+----------+-------------------------------------------
     0 | D:1      | porpoise the Tengu Hunter began the quest for the Orb.
     0 | D:1      | Reached XP level 1. HP: 12/12 MP: 2/2
    74 | D:1      | Reached XP level 2. HP: 17/17 MP: 3/3
   294 | D:1      | Reached skill level 5 in Ranged Weapons
   390 | D:1      | Reached XP level 3. HP: 22/22 MP: 4/4
  1079 | D:2      | Noticed a scorpion
  1090 | D:2      | Killed a scorpion
  1091 | D:2      | Reached skill level 6 in Ranged Weapons
  1091 | D:2      | Reached XP level 4. HP: 13/28 MP: 5/5
  1283 | D:2      | Gained mutation: Your magical nature lets you fly swiftly
                  | and evasively. [Tengu growth]
  1283 | D:2      | Reached XP level 5. HP: 32/32 MP: 6/6
  1566 | D:3      | Noticed Natasha
  1572 | D:3      | Killed Natasha
  1832 | D:3      | Noticed Natasha
  1844 | D:3      | Killed Natasha
  1844 | D:3      | Noticed Natasha
  1854 | D:3      | Killed from afar by Natasha

Illustrated notes

Levels and vault maps discovered:
D:1:      eino_arrival_cavern_b, layout_basic
D:2:      layout_basic, chequers_serial_rivers_small_3, nicolae_the_louvre
D:3:      layout_basic, serial_bayou, serial_bayou_pond_b, serial_bayou_pond_e,
          serial_bayou_pond_b, serial_bayou_lagoon_b, minivault_23, uniq_natasha

Skill      XL: |  1  2  3 |
---------------+----------+-----
Ranged Weapons | 5 6 |  6.6
Fighting       | 3 |  3.6
Dodging        | |  2.1
Stealth        | |  1.0

Action                     |  1- 3 |  4- 6 || total
---------------------------+-------+-------++-------
   Fire: Shortbow          |   113 |    76 ||   189
 Armour: Leather armour    |    36 |     5 ||    41
  Dodge: Dodged            |    62 |    25 ||    87

Table legend: (Time is in decaauts)
 A = Elapsed time spent in this place.
 B = Non-inter-level travel time spent in this place.
 C = Inter-level travel time spent in this place.
 D = Time resting spent in this place.
 E = Time spent auto-exploring this place.
 F = Levels seen in this place.
 G = Mean time per level.
                   A        B        C        D        E       F      G
               +--------+--------+--------+--------+--------+-----+--------+
         Total |   1874 |   1823 |     51 |    406 |   1083 |   3 |  624.7 |
       Dungeon |   1874 |   1823 |     51 |    406 |   1083 |   3 |  624.7 |
               +--------+--------+--------+--------+--------+-----+--------+

Top non-repeatable levels by time:
     D:1: 837 daAuts
     D:2: 717 daAuts
     D:3: 319 daAuts
